Vis, lawful male human Samurai ----- |<..--- ------- |.%...-- |.....| -..|....| |..+@.| -..... |..)..| ........| ---@--- .|....| --- |u| ---..| ...|.....---- |[| ..|...........).---.- -......---........... ..... ...... --. .. | .. .. Vis the Ninja Experience level: 6 Strength: 17 Dexterity: 15 Constitution: 18 Intelligence: 10 Wisdom: 8 Charisma: 7 Health: 0(58) Energy: 19(19) Def: 6 Gold: 83 Moves: 1704 Dungeon seed: eM5CQW3S76nsKPmv Game ID: Vis_1450428938 Your Inventory: Coins $ - 83 gold pieces Weapons a - a corroded +0 katana (weapon in hand) b - a +0 wakizashi (alternate weapon; not wielded) c - a +0 yumi d - 43 +0 ya (in quiver) Armor e - an uncursed rustproof +0 splint mail (being worn) Comestibles j - an uncursed sprig of wolfsbane k - an uncursed gunyoki K - an uncursed rothe corpse L - an uncursed gnome corpse Scrolls m - an uncursed scroll of destroy armor n - an uncursed scroll of confuse monster Potions f - an uncursed potion of enlightenment g - a blessed potion of object detection p - a blessed potion of paralysis Wands o - a wand of enlightenment (0:11) E - a wand of create monster (0:0) H - a wand of digging (0:3) Tools u - a blessed wax candle (0:400) v - an uncursed wax candle (0:400) x - 5 cursed tallow candles (0:200) J - an uncursed tallow candle (0:200) Gems q - an uncursed worthless piece of orange glass r - 2 uncursed worthless pieces of black glass Spells and supernatural/magical abilities: Name Level Category Fail Memory W - pray for help -- divine ? -- Your skills at the end: Fighting Skills martial arts [Basic] wands [Basic] Weapon Skills short sword [Basic] long sword [Skilled] bow [Basic] Spellcasting Skills Final Attributes: You were piously aligned. You were fast. You were lucky. You are dead. Vanquished creatures: 5 gnome lords a gnomish wizard a little dog a dwarf a homunculus a kobold lord 4 kobold shamans 11 hill orcs 2 rothes a dwarf zombie an acid blob a cave spider 16 gnomes a gecko 2 jackals a kobold a goblin 4 grid bugs 4 lichens a kobold zombie 2 newts 62 creatures vanquished. Voluntary challenges: You used a wielded weapon 121 times, starting on turn 33. You read items or engraved 2 times, starting on turn 814. You never genocided any monsters. You never polymorphed an object. You never changed form. You used no wishes. You never split a pudding. You never wrote Elbereth's name. You never violated your personal moral code. Dungeon overview: The Dungeons of Doom: levels 1 to 5 Level 1 some fountains a long staircase Level 2 a fountain Level 3 Level 4 stairs to The Gnomish Mines Level 5 The Gnomish Mines: levels 5 to 7 Level 5 stairs to The Dungeons of Doom Level 6 Level 7 <- You were here a temple to Amaterasu Omikami History has recorded: On T:1 you entered the Dungeons of Doom to retrieve the Amulet of Yendor! On T:231 you reached level 2 of The Dungeons of Doom. On T:303 you advanced to experience level 2. On T:415 you reached level 3 of The Dungeons of Doom. On T:553 you reached level 4 of The Dungeons of Doom. On T:600 you reached level 5 of The Dungeons of Doom. On T:749 you reached level 1 of The Gnomish Mines. On T:750 you advanced to experience level 3. On T:863 you reached level 2 of The Gnomish Mines. On T:877 you advanced to experience level 4. On T:1077 you reached level 3 of The Gnomish Mines. On T:1080 you advanced to experience level 5. On T:1351 you advanced to experience level 6. Score breakdown: Gold: 83 ( 6545 points) Experience: 6 levels (12456 points) Exploration: 7 levels ( 14.00%) (10497 points) Discoveries: 3 items ( 1.20%) ( 3292 points) Valuables value: (no points given unless you survive) Artifact value: 0 ( 0 points) Variety of kills: 21 monsters ( 5.48%) ( 7024 points) Turncount: 1704 turns ( 0 points) Survival: died (score multiplied by 80%) Total score: 31851 Latest messages: The priest of Amaterasu Omikami casts a spell! The golden haze around the priest of Amaterasu Omikami becomes more dense. The priest of Amaterasu Omikami casts a spell! The golden haze around the priest of Amaterasu Omikami becomes more dense. The golden haze around the priest of Amaterasu Omikami becomes less dense. (2x) The priest of Amaterasu Omikami casts a spell! The golden haze around the priest of Amaterasu Omikami becomes more dense. The priest of Amaterasu Omikami casts a spell! The golden haze around the priest of Amaterasu Omikami becomes more dense. The golden haze around the priest of Amaterasu Omikami becomes less dense. You feel strong! You must have been exercising. The golden haze around the priest of Amaterasu Omikami becomes less dense. The priest of Amaterasu Omikami casts a spell! The golden haze around the priest of Amaterasu Omikami becomes more dense. The golden haze around the priest of Amaterasu Omikami becomes less dense. The priest of Amaterasu Omikami casts a spell! The golden haze around the priest of Amaterasu Omikami becomes more dense. The golden haze around the priest of Amaterasu Omikami becomes less dense. The priest of Amaterasu Omikami casts a spell! (4x) The black unicorn butts! The black unicorn kicks! The black unicorn butts! The black unicorn kicks! You die... Final status: Sayonara Vis the Samurai, killed by a black unicorn... You died in The Gnomish Mines on dungeon level 7 with 31851 points, and 83 pieces of gold, after 1704 moves. You were level 6 with a maximum of 58 hit points when you died.